 Dungeon Crawl Stone Soup version 0.29-a0-299-g4c793a2ed2 (webtiles) character file.

Game seed: 12008490479748424675

1245 Dabor the Magician (level 8, -2/41 HPs)
             Began as a Deep Elf Conjurer on Mar 24, 2022.
             Slain by an orc warrior
             ... wielding a +0 short sword
              (10 damage)
             ... on level 5 of the Dungeon.
             The game lasted 00:06:49 (5625 turns).

Dabor the Magician (Deep Elf Conjurer)              Turns: 5625, Time: 00:06:49

Health: -2/41      AC:  3    Str:  4    XL:     8   Next: 25%
Magic:  8/20       EV: 14    Int: 26    God:
Gold:   204        SH:  0    Dex: 13    Spells: 18/21 levels left

rFire   . . .      SeeInvis .   i - +2 dagger (venom)
rCold   . . .      Faith    .   (no shield)
rNeg    . . .      Spirit   .   a - +0 robe
rPois   .          Reflect  .   (no helmet)
rElec   .          Harm     .   (no cloak)
rCorr   .          Rampage  .   (no gloves)
Will    .....                   j - +0 pair of boots
Stlth   +++.......              (no amulet)
HPRegen 0.13/turn               (no ring)
MPRegen 0.17/turn               (no ring)

@: no status effects
A: no striking features
a: no special abilities


You were on level 5 of the Dungeon.
You visited 1 branch of the dungeon, and saw 5 of its levels.

You collected 204 gold pieces.

Inventory:

Hand Weapons
 i - a +2 dagger of venom (weapon)
Armour
 a - a +0 robe (worn)
 j - a +0 pair of boots (worn)
Jewellery
 m - a +4 ring of protection
Scrolls
 c - 2 scrolls of teleportation
 d - a scroll of enchant weapon
 e - a scroll of noise {unknown}
 g - 2 scrolls of fear
 h - 2 scrolls of vulnerability
 n - a scroll of fog
 o - a scroll of summoning {unknown}
 q - a scroll of brand weapon {unknown}
 r - a scroll of enchant armour {unknown}
 s - a scroll of silence {unknown}
Potions
 b - a potion of magic
 f - 3 potions of ambrosia {unknown}
 k - 3 potions of heal wounds {unknown}
 l - a potion of curing
 p - 2 potions of mutation {unknown}


   Skills:
 + Level 6.4 Dodging
 + Level 6.8 Stealth
 + Level 7.1 Spellcasting
 + Level 7.0 Conjurations


You had 18 spell levels left.
You knew the following spells:

 Your Spells              Type           Power      Damage    Failure   Level
a - Magic Dart            Conj           100%       1d8       1%          1
b - Searing Ray           Conj           90%        2d7       1%          2

Your spell library contained the following spells:

 Spells                   Type           Power      Damage    Failure   Level
 Static Discharge         Conj/Air       27%        N/A       2%          2
 Dazzling Flash           Conj/Hex       54%        N/A       4%          3
 Fulminant Prism          Conj/Hex       13%        3d9       14%         4
 Iskenderun's Mystic Bla  Conj/Tloc      27%        2d7       14%         4
 Sticky Flame             Conj/Fire      27%        2d5       14%         4
 Call Canine Familiar     Summ           9%         N/A       19%         3
 Portal Projectile        Hex/Tloc       18%        N/A       19%         3
 Dispel Undead            Necr           9%         3d8       52%         4
 Leda's Liquefaction      Hex/Erth       4%         N/A       52%         4


Dungeon Overview and Level Annotations

Branches:
Dungeon (5/15)             Temple (0/1) D:5

Altars:
Sif Muna
Yredelemnul

Annotations:
D:5 Duvessa


Message History

The orc warrior is moderately wounded.
Casting: Searing Ray (safe; 1% risk of failure)
Confirm with . or Enter, or press ? or * to list all spells.
Restarting spell: Searing Ray (safe; 1% risk of failure)
Press: ? - help, Shift-Dir - straight line, f - orc wizard, p - orc warrior
Aim: an orc wizard, wielding a +0 dagger and wearing a +0 robe (77% to hit)
The searing ray hits the orc warrior but does no damage.
The orc warrior is moderately wounded.
The searing ray hits the orc wizard!
The orc wizard is severely wounded. (Press . to maintain the ray.)
An orc comes into view. It is wielding a +0 short sword.
The orc warrior hits you with a +0 short sword!
The searing ray misses the orc warrior.
The searing ray hits the orc wizard!
You kill the orc wizard!
The orc warrior closely misses you.
The searing ray hits the orc warrior!
The orc warrior is severely wounded.
An orc comes into view. It is wielding a +0 short sword.
The orc warrior hits you with a +0 short sword!
The searing ray hits the orc warrior but does no damage.
The orc warrior is severely wounded.
The searing ray hits the orc!
You kill the orc!
You finish channelling your searing ray.
The orc warrior hits you with a +0 short sword!
* * * LOW HITPOINT WARNING * * *
You hear a shout!
Casting: Searing Ray (safe; 1% risk of failure)
Confirm with . or Enter, or press ? or * to list all spells.
Aiming: Searing Ray (safe; 1% risk of failure)
Press: ? - help, Shift-Dir - straight line, f - orc
Aim: an orc, wielding a +0 short sword (wandering, hasn't noticed you, 82% to hit)
The searing ray hits the orc warrior!
The orc warrior is almost dead.
The searing ray misses the orc. (Press . to maintain the ray.)
The orc shouts!
The orc warrior hits you with a +0 short sword!
You die...

....≈≈≈≈##
....≈≈≈..####.
....#≈≈#....#.
....#≈#####.#o
## #≈ #.#o ##
#.#) #.#.
#.#o#####
#.#.@...#
#.#####.#
#.......#
#########


You could see an orc warrior and 2 orcs.

Vanquished Creatures
  Grinder (D:3)
  Sigmund (D:3)
  Menkaure (D:4)
  A water moccasin (D:5)
  2 scorpions
  Dowan (D:5)
  A howler monkey (D:4)
  A gnoll shaman (D:4)
  2 hounds (D:5)
  Jessica (D:3)
  An iguana (D:5)
  2 orc wizards
  9 gnolls
  5 adders
  An ufetubus (D:4)
  4 dart slugs
  12 orcs
  4 bats
  9 endoplasms
  2 giant cockroaches
  12 goblins
  8 hobgoblins
  4 jackals (D:5)
  6 kobolds
  3 quokkas
  8 ball pythons
  4 frilled lizards
  4 rats
110 creatures vanquished.

Notes
Turn   | Place    | Note
-------+----------+-------------------------------------------
     0 | D:1      | Dabor the Deep Elf Conjurer began the quest for the Orb.
     0 | D:1      | Reached XP level 1. HP: 10/10 MP: 6/6
   207 | D:1      | Reached XP level 2. HP: 15/15 MP: 5/8
   385 | D:1      | Found a faded altar of an unknown god.
   468 | D:1      | Reached XP level 3. HP: 11/19 MP: 0/10
  1442 | D:2      | Learned a level 2 spell: Searing Ray
  1863 | D:2      | Reached XP level 4. HP: 24/24 MP: 10/12
  2241 | D:3      | Found a basalt altar of Yredelemnul.
  2385 | D:3      | Noticed Jessica
  2390 | D:3      | Killed Jessica
  2391 | D:3      | Reached skill level 5 in Conjurations
  2486 | D:3      | Noticed Sigmund
  2489 | D:3      | Reached XP level 5. HP: 28/28 MP: 7/13
  2639 | D:3      | Noticed Grinder
  2648 | D:3      | Paralysed by Grinder for 3 turns
  2652 | D:3      | Killed Grinder
  2653 | D:3      | Reached skill level 5 in Stealth
  2653 | D:3      | Reached skill level 5 in Spellcasting
  2653 | D:3      | Reached XP level 6. HP: 4/32 MP: 0/16
  3146 | D:3      | Killed Sigmund
  3147 | D:3      | Reached skill level 5 in Dodging
  3147 | D:3      | Reached XP level 7. HP: 36/36 MP: 7/17
  3716 | D:4      | Found a shimmering blue altar of Sif Muna.
  4443 | D:4      | Noticed Menkaure
  4450 | D:4      | Killed Menkaure
  4753 | D:5      | Entered Level 5 of the Dungeon
  4876 | D:5      | Found a staircase to the Ecumenical Temple.
  4971 | D:5      | Noticed Dowan
  4977 | D:5      | Killed Dowan
  4978 | D:5      | Reached XP level 8. HP: 41/41 MP: 13/20
  4990 | D:5      | Noticed Duvessa
  5625 | D:5      | Slain by an orc warrior

Illustrated notes

Levels and vault maps discovered:
D:1:      wander_arrival_peaceful_grave, layout_basic,
          shapermc_ecumenical_altar_gd, minmay_misc_feat_more_columns
D:2:      layout_loops_ring, minmay_fountain_box, grunt_decor_junction,
          kennysheep_cross_bottleneck
D:3:      layout_rooms, overflow_temple_1_default, uniq_sigmund, uniq_grinder,
          uniq_jessica
D:4:      layout_basic, nicolae_sif_muna_condensation, kennysheep_small_square,
          uniq_menkaure
D:5:      layout_basic, minmay_temple_entry_wispy,
          chequers_serial_rivers_small_3, minivault_24, uniq_duvessa

Skill      XL: |  1  2  3  4  5  6  7  8 |
---------------+-------------------------+-----
Dodging        | 3 4 5 6 |  6.4
Stealth        | 3 4 5 6 |  6.8
Spellcasting   | 4 5 6 7 |  7.1
Conjurations   | 5 6 7 |  7.0

Action                   |  1- 3 |  4- 6 |  7- 9 || total
-------------------------+-------+-------+-------++-------
Melee: Dagger            |       |       |     1 ||     1
 Cast: Magic Dart        |    69 |    51 |   107 ||   227
       Searing Ray       |       |     7 |    13 ||    20
  Use: Scroll            |       |     5 |     1 ||     6
       Potion            |       |     3 |     1 ||     4
Armor: Robe              |       |       |     3 ||     3
Dodge: Dodged            |     4 |     4 |    16 ||    24

Table legend: (Time is in decaauts)
 A = Elapsed time spent in this place.
 B = Non-inter-level travel time spent in this place.
 C = Inter-level travel time spent in this place.
 D = Time resting spent in this place.
 E = Time spent auto-exploring this place.
 F = Levels seen in this place.
 G = Mean time per level.
                   A        B        C        D        E       F      G
               +--------+--------+--------+--------+--------+-----+--------+
         Total |   5592 |   5437 |    155 |      0 |   4905 |   5 | 1118.4 |
       Dungeon |   5592 |   5437 |    155 |      0 |   4905 |   5 | 1118.4 |
               +--------+--------+--------+--------+--------+-----+--------+

Top non-repeatable levels by time:
     D:1: 1376 daAuts
     D:4: 1293 daAuts
     D:3: 1211 daAuts
     D:2: 858 daAuts
     D:5: 852 daAuts
